 Dungeon Crawl Stone Soup version 0.28.0 (webtiles) character file.

Game seed: 6402149951077615176

495 kmckee the Chopper (level 7, -4/60 HPs)
             Began as a Hill Orc Fighter on Feb 8, 2022.
             Slain by a yak (5 damage)
             ... on level 4 of the Dungeon.
             The game lasted 00:04:10 (4679 turns).

kmckee the Chopper (Hill Orc Fighter)               Turns: 4679, Time: 00:04:10

Health: -4/60      AC: 10    Str: 21    XL:     7   Next: 15%
Magic:  7/7        EV:  6    Int:  8    God:
Gold:   216        SH: 15    Dex: 10    Spells: 6/6 levels left

rFire   . . .      SeeInvis .   a - +0 war axe
rCold   . . .      Faith    .   k - +2 kite shield
rNeg    . . .      Spirit   .   c - +0 chain mail
rPois   .          Reflect  +   (no helmet)
rElec   .          Harm     .   (no cloak)
rCorr   .          Rampage  .   i - +0 pair of gloves
Will    .....                   (no boots)
Stlth   ..........              f - amulet of reflection
HPRegen 0.20/turn               (no ring)
MPRegen 0.10/turn               (no ring)

@: no status effects
A: no striking features
a: no special abilities


You were on level 4 of the Dungeon.
You visited 1 branch of the dungeon, and saw 5 of its levels.

You collected 216 gold pieces.

Inventory:

Hand Weapons
 a - a +0 war axe (weapon)
Armour
 c - a +0 chain mail (worn)
 i - a +0 pair of gloves (worn)
 k - a +2 kite shield (worn)
Jewellery
 f - an amulet of reflection (around neck)
Scrolls
 b - a scroll of magic mapping {unknown}
 j - a scroll of fog {unknown}
 l - a scroll of blinking {unknown}
 o - 4 scrolls of identify {unknown}
 p - a scroll of amnesia {unknown}
 q - a scroll of teleportation {unknown}
 s - a scroll of enchant weapon {unknown}
Potions
 d - a potion of might
 e - 4 potions of haste {unknown}
 g - a potion of mutation {unknown}
 h - 2 potions of attraction {unknown}
 m - 2 potions of heal wounds {unknown}
 n - a potion of brilliance {unknown}
 r - a potion of invisibility {unknown}


   Skills:
 + Level 4.7 Fighting
 + Level 6.5 Axes
 + Level 4.7 Armour
 + Level 1.1 Dodging
 + Level 0.2 Stealth
 + Level 5.0 Shields


You had 6 spell levels left.
You didn't know any spells.
Your spell library contained the following spells:

 Spells                   Type           Power      Damage    Failure   Level
 Spider Form              Tmut/Pois      0%         N/A       100%        3
 Yara's Violent Unravell  Hex/Tmut       0%         3d3       100%        5


Dungeon Overview and Level Annotations

Branches:
Dungeon (5/15)
 Temple: D:4-7

Altars:


Message History

Unknown command.
The yak moves out of view.
You see here a +0 short sword.
Things that are here:
a +0 giant club; an ogre skeleton You see here the +4 ring mail of Uskayaw's Condemnation {rC+ Int+4 Slay-2}.
You see here 23 stones.
The yak bellows!
The yak gores you.
There is a stone staircase leading up here.
The yak gores you but does no damage. x2
You climb upwards.
There is a stone staircase leading down here.
You slash the yak!
The yak is moderately wounded.
You barely miss the yak. You block the yak's attack.
The yak gores you but does no damage.
You hit the yak but do no damage.
The yak is moderately wounded.
You hit the yak but do no damage. You block the yak's attack.
The yak gores you. x2
Unknown command.
You closely miss the yak.
The yak is moderately wounded.
You hit the yak but do no damage. The yak gores you! The yak gores you.
The yak barely misses you.
Unknown command.
You are too injured to fight recklessly!
You hit the yak but do no damage.
The yak is lightly wounded.
You slash the yak! The yak gores you!
* * * LOW HITPOINT WARNING * * *
The yak gores you!
* * * LOW HITPOINT WARNING * * *
You hit the yak but do no damage.
The yak is lightly wounded.
You hit the yak. You block the yak's attack. The yak gores you!
* * * LOW HITPOINT WARNING * * *
The yak gores you.
You die...

# # # #
##################
...............Y@#
##.....#########Y#
#.###.# #.# #.#
#.# #.# ##.###.#
#.# .......# #.#
#.####'## #.#
#.##....# #.#
#.##...)# #.#


You could see 2 yaks.

Vanquished Creatures
  A black bear (D:4)
  An ogre (D:5)
  A phantom (D:4)
  A water moccasin skeleton (D:4)
  An orc priest (D:3)
  Terence (D:2)
  An iguana (D:2)
  3 adders
  A worm (D:3)
  A dart slug (D:2)
  5 orcs
  13 ball pythons
  8 endoplasms
  4 giant cockroaches
  4 goblins
  11 hobgoblins
  4 quokkas
  7 bats
  A frilled lizard (D:2)
  7 kobolds
  3 rats
79 creatures vanquished.

Vanquished Creatures (others)
  5 demonic plants (D:3)
  8 fungi (D:3)
  10 plants (D:3)
  8 withered plants (D:3)
31 creatures vanquished.

Grand Total: 110 creatures vanquished

Notes
Turn   | Place    | Note
-------+----------+-------------------------------------------
     0 | D:1      | kmckee the Hill Orc Fighter began the quest for the Orb.
     0 | D:1      | Reached XP level 1. HP: 19/19 MP: 1/1
   483 | D:1      | Reached XP level 2. HP: 27/27 MP: 2/2
   924 | D:1      | Reached skill level 3 in Axes
  1136 | D:2      | Reached XP level 3. HP: 27/33 MP: 3/3
  1582 | D:2      | Reached XP level 4. HP: 16/40 MP: 4/4
  1957 | D:2      | Noticed Terence
  1970 | D:2      | Killed Terence
  1971 | D:2      | Reached skill level 4 in Axes
  2161 | D:2      | Reached XP level 5. HP: 42/47 MP: 5/5
  2433 | D:3      | Found a faded altar of an unknown god.
  2906 | D:3      | Reached skill level 1 in Dodging
  3567 | D:4      | Reached skill level 5 in Axes
  3567 | D:4      | Reached XP level 6. HP: 49/53 MP: 6/6
  3666 | D:4      | Noticed a black bear
  3680 | D:4      | Killed a black bear
  3909 | D:4      | Reached skill level 6 in Axes
  4254 | D:5      | Entered Level 5 of the Dungeon
  4271 | D:5      | Got the Handbook of Transmigration
  4275 | D:5      | Identified the +4 ring mail of Uskayaw's Condemnation {rC+
                  | Int+4 Slay-2}
  4304 | D:5      | Reached skill level 5 in Shields
  4304 | D:5      | Reached XP level 7. HP: 14/60 MP: 7/7
  4613 | D:5      | Noticed a yak
  4613 | D:5      | Noticed a yak
  4613 | D:5      | Noticed a yak
  4614 | D:5      | Noticed a yak
  4679 | D:4      | HP: 1/60 [yak (7)]
  4679 | D:4      | Slain by a yak

Illustrated notes

Levels and vault maps discovered:
D:1:      doesnt_arrival_eight_statues, layout_loops_ring
D:2:      minmay_door_path, layout_basic, grunt_ministairs_1, uniq_terence
D:3:      layout_loops_ring, shapermc_ecumenical_altar_gd, feat_on_display
D:4:      layout_basic
D:5:      layout_basic

Skill      XL: |  1  2  3  4  5  6 |
---------------+-------------------+-----
Fighting       | 4 |  4.7
Axes           | 3 4 5 6 |  6.5
Armour         | 4 |  4.7
Shields        | 4 5 |  5.0
Dodging        | 1 |  1.1
Stealth        | |  0.2

Action                   |  1- 3 |  4- 6 |  7- 9 || total
-------------------------+-------+-------+-------++-------
Melee: War axe           |   113 |   131 |     6 ||   250
Armor: Scale mail        |    63 |     4 |       ||    67
       Chain mail        |       |    39 |     3 ||    42
Dodge: Dodged            |    50 |    29 |     1 ||    80
Block: Buckler           |    32 |       |       ||    32
       Kite shield       |       |   106 |     4 ||   110
